 Dungeon Crawl Stone Soup version 0.23-a0-550-g7de1f8e (webtiles) character file.

308 RoseArtemis the Chopper (level 6, -14/55 HPs)
             Began as a Minotaur Fighter on Dec 8, 2018.
             Was an Initiate of Okawaru.
             Demolished by an ogre
             ... wielding a +0 giant club
              (25 damage)
             ... on level 4 of the Dungeon.
             The game lasted 00:04:44 (2422 turns).

RoseArtemis the Chopper (Minotaur Fighter)          Turns: 2422, Time: 00:04:45

Health: -14/55     AC:  7    Str: 20    XL:     6   Next: 17%
Magic:  5/5        EV:  7    Int:  6    God:    Okawaru [......]
Gold:   209        SH:  9    Dex: 11    Spells: 5/5 levels left

rFire    . . .     SeeInvis .   a - +0 war axe
rCold    . . .     Gourm    .   c - +0 shield
rNeg     . . .     Faith    .   b - +0 scale mail
rPois    .         Spirit   .   (helmet restricted)
rElec    .         Reflect  .   (no cloak)
rCorr    .         Harm     .   (no gloves)
MR       .....                  (no boots)
Stlth    ..........             (no amulet)
HPRegen  0.18/turn              (no ring)
MPRegen  0.09/turn              (no ring)

@: no status effects
A: retaliatory headbutt, horns 2
a: Renounce Religion


You were on level 4 of the Dungeon.
You worshipped Okawaru.
Okawaru was noncommittal.
You were not hungry.

You visited 2 branches of the dungeon, and saw 8 of its levels.

You collected 209 gold pieces.

Inventory:

Hand Weapons
 a - a +0 war axe (weapon)
Armour
 b - a +0 scale mail (worn)
 c - a +0 shield (worn)
Jewellery
 g - an uncursed ring of resist corrosion
Wands
 e - a wand of acid (9)
Scrolls
 h - a scroll of magic mapping {unknown}
 i - a scroll of identify
 k - 2 scrolls of remove curse
 l - a scroll of blinking {unknown}
Potions
 j - a potion of curing
 m - a potion of brilliance
 n - a potion of cancellation
 o - a potion of resistance {unknown}
Comestibles
 d - 8 chunks of flesh
 f - 5 rations


   Skills:
 + Level 4.9 Fighting
 * Level 5.3 Axes
 + Level 5.0 Armour
 + Level 4.9 Shields


You had 5 spell levels left.
You didn't know any spells.
Your spell library was empty.

Dungeon Overview and Level Annotations

Branches:
Dungeon (7/15)             Temple (1/1) D:4

Altars:
Ashenzari
Cheibriados
Dithmenos
Elyvilon
Fedhas
Gozag
Hepliaklqana
Kikubaaqudgha
Makhleb
Nemelex Xobeh
Okawaru
Qazlal
Ru
Sif Muna
Trog
Uskayaw
Vehumet
Wu Jian
Xom
Yredelemnul
Zin
The Shining One

Portals:
Sewer: D:4


Innate Abilities, Weirdness & Mutations

You reflexively headbutt those who attack you in melee.
You have a pair of horns on your head.


Message History

The giant cockroach barely misses you. You furiously retaliate!
You headbutt the giant cockroach.
You kill the giant cockroach!
Okawaru accepts your kill. You block the giant cockroach's attack.
The ogre barely misses you. You furiously retaliate!
You headbutt the ogre.
The giant cockroach bites you but does no damage.
Your shield and scale mail prevent you from hitting the ogre.
You slash the giant cockroach!
You kill the giant cockroach!
Okawaru accepts your kill. You block the ogre's attack.
You hit the ogre. Your headbutt misses the ogre. You hit the giant cockroach.
The ogre hits you with a +0 giant club!
* * * LOW HITPOINT WARNING * * *
You block the giant cockroach's attack.
Your shield and scale mail prevent you from hitting the ogre.
You closely miss the giant cockroach.
The ogre hits you with a +0 giant club!!
You die...

#....... ......###
........####l...# ##.
#......>........## #...
#................## ....
#.................# .....
##..#######.........
....#####..@#≈≈≈≈≈#.........
........[.Oss≈≈∩≈≈#.........
....####...#...#≈≈≈≈≈#.........
.....O..##..###..#######.........
........###.##................÷.#
........##...........###..)###..#
........##..###.###..# #... ....
........###.##..## ...###.. .....
..........O........ ..# ## ......


You could see an ogre and 2 giant cockroaches.

Vanquished Creatures
  An ogre (D:7)
  A hound (D:4)
  An orc priest (D:6)
  10 adders
  An adder skeleton (D:4)
  2 worms
  A dart slug (D:1)
  2 leopard geckos
  2 orcs
  5 giant cockroaches
  5 goblins
  4 hobgoblins
  2 jackals (D:3)
  2 quokkas (D:3)
  8 bats
  6 frilled lizards
  9 kobolds
  6 rats
68 creatures vanquished.

Vanquished Creatures (others)
  4 toadstools (D:1)
4 creatures vanquished.

Grand Total: 72 creatures vanquished

Notes
Turn   | Place    | Note
-------+----------+-------------------------------------------
     0 | D:1      | RoseArtemis the Minotaur Fighter began the quest for the
                  | Orb.
     0 | D:1      | Reached XP level 1. HP: 19/19 MP: 0/0
   296 | D:1      | Reached XP level 2. HP: 27/27 MP: 1/1
   662 | D:2      | Reached XP level 3. HP: 31/33 MP: 2/2
   944 | D:2      | Reached XP level 4. HP: 33/40 MP: 3/3
  1483 | D:3      | Noticed a phantom
  1485 | D:3      | Found an opulent altar of Gozag.
  1941 | D:4      | Found a staircase to the Ecumenical Temple.
  1951 | D:4      | Reached XP level 5. HP: 44/47 MP: 4/4
  1963 | Temple   | Entered the Ecumenical Temple
  2189 | Temple   | Became a worshipper of Warmaster Okawaru
  2228 | D:4      | You fall through a shaft for 3 floors!
  2284 | D:7      | Noticed an ogre
  2291 | D:7      | Killed an ogre
  2291 | D:7      | Reached skill level 5 in Axes
  2346 | D:6      | Noticed an orc warrior
  2347 | D:6      | Reached XP level 6. HP: 44/55 MP: 5/5
  2363 | D:5      | Entered Level 5 of the Dungeon
  2414 | D:4      | Found a glowing drain.
  2416 | D:4      | Reached skill level 5 in Armour
  2422 | D:4      | Demolished by an ogre

Vault maps used:
D:1:      ldierk_walled_garden_2, minmay_pentomino_p2
D:3:      overflow_temple_1_default, first_ration
D:4:      minmay_temple_entry_junction, gup_sewer_entry_glass
D:5:      ebering_dispersal_statue_hall
D:6:      lemuel_blue_sif_altar, uniq_crazy_yiuf_cottage, uniq_edmund
D:7:      basic_altar
Temple:   roderic_octagonal_lattice_temple

Skill      XL: |  1  2  3  4  5  6 |
---------------+-------------------+-----
Axes           | 3 4 5 |  5.3
Fighting       | 4 |  4.9
Armour         | 4 5 |  5.0
Shields        | 4 |  4.9

Action                   |  1- 3 |  4- 6 || total
-------------------------+-------+-------++-------
Melee: War axe           |    88 |    92 ||   180
       Headbutt          |     9 |    10 ||    19
  Use: Scroll            |       |     7 ||     7
       Potion            |       |     1 ||     1
  Eat: Chunk             |       |     5 ||     5
Armor: Scale mail        |    39 |    32 ||    71
Dodge: Dodged            |    27 |    46 ||    73
Block: Shield            |    65 |    50 ||   115

Table legend:
 A = Non-vault XP
 B = Vault XP
 C = Vault XP percentage of total XP
 D = Non-vault monster count
 E = Vault monster count
 F = Vault count percentage of total count
                 A         B        C        D         E       F
            +---------+---------+-------+---------+---------+-------
      Total |     417 |      24 |   5.4 |      63 |       5 |   7.4
            +---------+---------+-------+---------+---------+-------
        D:1 |      20 |       6 |  23.1 |      14 |       2 |  12.5
        D:2 |     107 |       0 |   0.0 |      27 |       0 |   0.0
        D:3 |      36 |       0 |   0.0 |      13 |       0 |   0.0
        D:4 |      95 |      18 |  15.9 |       7 |       3 |  30.0
        D:6 |      41 |       0 |   0.0 |       1 |       0 |   0.0
        D:7 |     118 |       0 |   0.0 |       1 |       0 |   0.0
            +---------+---------+-------+---------+---------+-------
